[Event "Titled Tuesday Blitz August 1 Late 2023"]
[White "Kula, Robert"]
[Black "Kanyamarala, Tarun"]
[WhiteFideId "1101218"]
[BlackFideId "45004714"]
[WhiteElo "2264"]
[BlackElo "2480"]
[Result "0-1"]
[Round "7"]
[TimeControl "180+1"]
[Date "2023.08.01"]
[WhiteClock "0:00:00"]
[BlackClock "0:01:05"]
[Board "92"]

1. d4 f5 2. c4 Nf6 3. Nc3 d6 4. e3 g6 5. Nf3 Bg7 6. b4 a5 7. b5 Kf8 8. a4 h6 9. Bb2 g5 10. d5 Nbd7 11. Qc2 Nc5 12. h4 g4 13. Nd4 h5 14. Nxf5 Bxf5 15. Qxf5 Qd7 16. Qc2 Kf7 17. Bd3 Rhf8 18. Bf5 Qd8 19. O-O Kg8 20. f3 g3 21. Ne4 Nfxe4 22. fxe4 Bxb2 23. Qxb2 e6 24. dxe6 Qxh4 25. Bh3 Nd3 26. Qe2 Nf2 27. e7 Rf7 28. c5 dxc5 29. Qc4 Re8 30. Rad1 Rxe7 31. Rd8+ Kh7 32. Qc3 Rg7 33. Bf5+ Kh6 34. Rh8+ Kg5 35. Rxf2 gxf2+ 36. Kf1 Qg3 37. Qxc5 Re5 0-1


[Site "https://www.chess.com"]

[Event "Titled Tuesday Blitz August 1 Late 2023"]
[White "Salazar Farias, Luis German"]
[Black "MrLudus"]
[WhiteFideId "3902170"]
[WhiteElo "2474"]
[BlackElo "2091"]
[Result "1-0"]
[Round "7"]
[TimeControl "180+1"]
[Date "2023.08.01"]
[WhiteClock "0:00:18"]
[BlackClock "0:01:44"]
[Board "93"]

1. d4 Nf6 2. c4 c5 3. d5 e6 4. Nc3 exd5 5. cxd5 d6 6. Nf3 g6 7. Nd2 Bg7 8. e4 O-O 9. Be2 Ne8 10. O-O a6 11. a4 f5 12. exf5 Bxf5 13. g4 Bc8 14. Nde4 Nd7 15. f4 Ndf6 16. Ng5 Qe7 17. Bf3 h6 18. Re1 Qd8 19. Ne6 Bxe6 20. dxe6 Qe7 21. g5 hxg5 22. fxg5 Nc7 23. gxf6 Bxf6 24. Bh6 Bd4+ 25. Kh1 Rf5 26. Nd5 Nxd5 27. Be4 Rf2 28. Qg4 Bg7 29. Bxg7 Qxg7 30. Bxd5 Qxb2 31. Qxg6+ Kh8 32. Qh6+ Kg8 33. Rg1+ 1-0


[Site "https://www.chess.com"]

[Event "Titled Tuesday Blitz August 1 Late 2023"]
[White "Fiorito, Joaquin"]
[Black "Tarnowska, Aleksandra"]
[WhiteFideId "180173"]
[BlackFideId "1180967"]
[WhiteElo "2670"]
[BlackElo "2164"]
[Result "1-0"]
[Round "7"]
[TimeControl "180+1"]
[Date "2023.08.01"]
[WhiteClock "0:01:38"]
[BlackClock "0:00:02"]
[Board "94"]

1. d4 d5 2. Nc3 Nf6 3. Bf4 e6 4. Nb5 Bd6 5. Nxd6+ cxd6 6. Nf3 O-O 7. e3 Nc6 8. Be2 Re8 9. O-O e5 10. Bg5 e4 11. Nd2 h6 12. Bh4 Be6 13. c4 dxc4 14. Nxc4 d5 15. Nd2 Qb6 16. Nb3 Nd7 17. Qd2 Rac8 18. Rac1 Nb4 19. a3 Na6 20. Na5 Ndb8 21. b4 Nc6 22. Nxc6 bxc6 23. Rc3 Nc7 24. Rfc1 Nb5 25. Rb3 g5 26. Bg3 f5 27. a4 Nc7 28. Bd6 a5 29. Rbc3 axb4 30. Rxc6 Qa5 31. Bxc7 Qxa4 32. Bd1 Qb5 33. R6c5 Qb7 34. Ba5 b3 35. Qb2 Rb8 36. Bc7 Ra8 37. Qxb3 Qa6 38. Qc3 Qa2 39. h3 f4 40. exf4 gxf4 41. Bxf4 Kf7 42. Rc7+ Kf6 43. Be5+ Kg6 44. Qg3+ Kf5 45. Qg4# 1-0


[Site "https://www.chess.com"]

[Event "Titled Tuesday Blitz August 1 Late 2023"]
[White "Janaszak, Dawid"]
[Black "AndresDelgado77"]
[WhiteFideId "1119206"]
[WhiteElo "2518"]
[BlackElo "2376"]
[Result "1-0"]
[Round "7"]
[TimeControl "180+1"]
[Date "2023.08.01"]
[WhiteClock "0:01:39"]
[BlackClock "0:00:00"]
[Board "95"]

1. e4 e6 2. b3 d5 3. Bb2 Nf6 4. d3 dxe4 5. Nd2 exd3 6. Bxd3 Bc5 7. Ngf3 Nbd7 8. Qe2 O-O 9. O-O-O Qe7 10. Kb1 a5 11. Ne4 Ba3 12. Ba1 a4 13. Nfg5 h6 14. h4 axb3 15. cxb3 b6 16. g4 Bb7 17. f3 Bxe4 18. Nxe4 Nd5 19. g5 h5 20. g6 f5 21. Ng5 Nf4 22. Qe3 Nxd3 23. Rxd3 Nc5 24. Rd2 Bb4 25. Re2 Rfe8 26. f4 c6 27. Qf3 Qb7 28. Qxh5 Kf8 29. Qh8+ Ke7 30. Qxg7+ Kd8 31. Nf7+ Kc7 32. Be5+ 1-0


[Site "https://www.chess.com"]

[Event "Titled Tuesday Blitz August 1 Late 2023"]
[White "Haitin, Ilja"]
[Black "Rottenwohrer Suarez, Juan"]
[WhiteFideId "4501764"]
[BlackFideId "32068182"]
[WhiteElo "2370"]
[BlackElo "2505"]
[Result "1-0"]
[Round "7"]
[TimeControl "180+1"]
[Date "2023.08.01"]
[WhiteClock "0:00:07"]
[BlackClock "0:00:00"]
[Board "96"]

1. Nf3 d5 2. e3 c5 3. b3 Nf6 4. Bb2 g6 5. c4 dxc4 6. Bxc4 Bg7 7. O-O O-O 8. d4 Ne4 9. Nbd2 Nd6 10. Be2 Nc6 11. Nc4 Nxc4 12. Bxc4 cxd4 13. Nxd4 Nxd4 14. Bxd4 Bxd4 15. Qxd4 Qxd4 16. exd4 Bd7 17. Rfe1 Rfe8 18. d5 b5 19. Bf1 Rac8 20. Rac1 Kf8 21. f4 b4 22. Kf2 Rxc1 23. Rxc1 Rc8 24. Rxc8+ Bxc8 25. Ke3 Ke8 26. Kd4 Kd7 27. Kc5 Bb7 28. Bc4 Kc7 29. Kxb4 Kd6 30. Kb5 f6 31. a4 h5 32. g3 g5 33. b4 h4 34. Ka5 Bxd5 35. Bxd5 Kxd5 36. b5 e5 37. fxe5 fxe5 38. b6 Kc6 39. bxa7 Kb7 40. Kb4 hxg3 41. hxg3 Kxa7 42. Kc4 Kb6 43. Kd5 Ka5 44. Kxe5 Kxa4 45. Kf5 Kb5 46. Kxg5 Kc6 47. Kf6 Kd7 48. Kf7 Kd6 49. g4 Ke5 50. g5 Kf5 51. g6 1-0


[Site "https://www.chess.com"]

[Event "Titled Tuesday Blitz August 1 Late 2023"]
[White "Sanhueza, Cristian"]
[Black "Elissalt Cardenas, Hector"]
[WhiteFideId "116815"]
[BlackFideId "3500632"]
[WhiteElo "2480"]
[BlackElo "2358"]
[Result "1/2-1/2"]
[Round "7"]
[TimeControl "180+1"]
[Date "2023.08.01"]
[WhiteClock "0:00:04"]
[BlackClock "0:00:25"]
[Board "97"]

1. d4 d5 2. Bf4 Nf6 3. e3 e6 4. Nf3 Bd6 5. c3 b6 6. Nbd2 Bb7 7. Bd3 Ne4 8. Ne5 Nxd2 9. Qxd2 Nd7 10. Bb5 Bxe5 11. dxe5 c6 12. Bd3 Qc7 13. O-O Nxe5 14. c4 f6 15. cxd5 exd5 16. e4 O-O-O 17. Qe2 g5 18. Bg3 h5 19. h3 h4 20. Bh2 Qd6 21. exd5 Qxd5 22. Bf5+ Kb8 23. Rfe1 Rhe8 24. Rad1 Qc5 25. Rxd8+ Rxd8 26. Bxe5+ fxe5 27. Qxe5+ Qxe5 28. Rxe5 Rd2 29. Re8+ Kc7 30. Re7+ Kb8 31. Re8+ Kc7 32. Re7+ Kb8 33. Re8+ 1/2-1/2


[Site "https://www.chess.com"]

[Event "Titled Tuesday Blitz August 1 Late 2023"]
[White "Chabris, Christopher"]
[Black "Hirneise, Jens"]
[WhiteFideId "2005263"]
[BlackFideId "24614734"]
[WhiteElo "2356"]
[BlackElo "2460"]
[Result "0-1"]
[Round "7"]
[TimeControl "180+1"]
[Date "2023.08.01"]
[WhiteClock "0:00:08"]
[BlackClock "0:00:28"]
[Board "98"]

1. e4 c5 2. Nf3 Nc6 3. Bb5 e6 4. Bxc6 bxc6 5. d3 g6 6. Nc3 d6 7. Bg5 Be7 8. h4 e5 9. Qd2 h6 10. Be3 Nf6 11. Bxh6 Ng4 12. Bg5 Bxg5 13. Qxg5 Qxg5 14. Nxg5 f6 15. Nf3 Be6 16. Ke2 c4 17. d4 d5 18. Rad1 Rd8 19. dxe5 fxe5 20. Ng5 Ke7 21. f3 Nf6 22. Na4 d4 23. Nc5 Bg8 24. b3 Rb8 25. g3 Kd6 26. Na4 Re8 27. Nb2 cxb3 28. cxb3 Nh7 29. Nd3 Nxg5 30. hxg5 Be6 31. Rh6 Rhg8 32. Rh7 c5 33. Rc1 Rc8 34. f4 exf4 35. gxf4 c4 36. bxc4 Bxc4 37. Rxa7 Bxd3+ 38. Kxd3 Rxc1 39. e5+ Ke6 40. Ra6+ Kf5 41. Rf6+ Kg4 42. Kxd4 Rd1+ 43. Ke4 Rgd8 44. e6 Re1# 0-1


[Site "https://www.chess.com"]

[Event "Titled Tuesday Blitz August 1 Late 2023"]
[White "Srdanovic, Jovana"]
[Black "CatLivesMatter"]
[WhiteFideId "954810"]
[WhiteElo "2350"]
[BlackElo "2442"]
[Result "0-1"]
[Round "7"]
[TimeControl "180+1"]
[Date "2023.08.01"]
[WhiteClock "0:00:04"]
[BlackClock "0:00:07"]
[Board "99"]

1. d4 a6 2. c4 e6 3. Nf3 Nf6 4. Nc3 Bb4 5. e3 b6 6. Bd3 Bb7 7. O-O O-O 8. Bd2 d5 9. a3 Bxc3 10. Bxc3 Ne4 11. Bxe4 dxe4 12. Nd2 f5 13. b4 Nd7 14. c5 Nf6 15. Nc4 Kh8 16. Ne5 Qe8 17. f3 exf3 18. gxf3 Nd5 19. Bd2 Rf6 20. Kh1 Qh5 21. c6 Bc8 22. e4 Ne7 23. a4 f4 24. b5 Ng6 25. Nxg6+ Rxg6 26. e5 Rh6 27. Bxf4 Rg6 28. Qe2 Qf5 29. Be3 Qf7 30. Rg1 Rxg1+ 31. Rxg1 axb5 32. axb5 Ra5 33. f4 Qf5 34. Qg2 g6 35. Qe2 Qe4+ 36. Rg2 Ra1+ 37. Bg1 Rxg1+ 38. Kxg1 Qxd4+ 39. Qf2 Qd1+ 40. Qf1 Qd4+ 41. Rf2 Qe4 42. Qe2 Qd5 43. Qd2 Qxb5 44. Qd8+ Kg7 45. Qxc8 Qxc6 46. Qd8 Qc1+ 47. Kg2 Qc6+ 48. Kg3 Qh1 49. Qf6+ Kh6 50. Qg5+ Kg7 51. Rg2 Qe1+ 52. Kh3 Qf1 53. Qe7+ Kh6 54. Qxe6 Qf3+ 55. Rg3 Qf1+ 56. Rg2 Qf3+ 57. Rg3 Qf1+ 58. Kg4 Qe2+ 59. Kh4 Qh5# 0-1


[Site "https://www.chess.com"]

[Event "Titled Tuesday Blitz August 1 Late 2023"]
[White "Hacker, Jonas"]
[Black "Polaczek, Richard"]
[WhiteFideId "1270968"]
[BlackFideId "200026"]
[WhiteElo "2330"]
[BlackElo "2434"]
[Result "1-0"]
[Round "7"]
[TimeControl "180+1"]
[Date "2023.08.01"]
[WhiteClock "0:00:30"]
[BlackClock "0:00:22"]
[Board "100"]

1. c4 e6 2. Nf3 d5 3. e3 Nf6 4. Nc3 c5 5. cxd5 exd5 6. Bb5+ Nc6 7. d4 a6 8. Bxc6+ bxc6 9. dxc5 Bxc5 10. O-O O-O 11. b3 Bd6 12. Bb2 Qe7 13. Ne2 Ne4 14. Ng3 Bg4 15. Rc1 Bxf3 16. gxf3 Nxg3 17. hxg3 Rac8 18. Qd4 f6 19. Rxc6 Rxc6 20. Qxd5+ Kh8 21. Qxc6 a5 22. Kg2 Bb4 23. Rd1 h6 24. Rd7 Qe8 25. Qd5 Qc8 26. a3 Bc3 27. Bxc3 Qxc3 28. Rd8 Rxd8 29. Qxd8+ Kh7 30. Qd5 Kg6 31. b4 axb4 32. Qe4+ Kf7 33. Qxb4 Qc6 34. a4 Ke6 35. Qe4+ Kd6 36. Qxc6+ Kxc6 37. f4 Kb6 38. e4 Ka5 39. e5 1-0


[Site "https://www.chess.com"]

[Event "Titled Tuesday Blitz August 1 Late 2023"]
[White "Ai, Evan"]
[Black "Rama, Tejas"]
[WhiteFideId "2094770"]
[BlackFideId "30907381"]
[WhiteElo "2323"]
[BlackElo "2431"]
[Result "1-0"]
[Round "7"]
[TimeControl "180+1"]
[Date "2023.08.01"]
[WhiteClock "0:00:48"]
[BlackClock "0:00:10"]
[Board "101"]

1. e4 c5 2. Nf3 d6 3. d4 cxd4 4. Nxd4 Nf6 5. Nc3 Nc6 6. Bg5 e6 7. f4 h6 8. Bh4 Be7 9. Bf2 O-O 10. Be2 Bd7 11. O-O a6 12. Bf3 Rc8 13. Qd2 b5 14. Rad1 Qc7 15. a3 Rfd8 16. Rfe1 Be8 17. g4 Nd7 18. Nxc6 Qxc6 19. Kg2 Qc4 20. Be2 Qc7 21. Qe3 Nc5 22. Bf3 Na4 23. Nxa4 bxa4 24. c3 Rb8 25. Rd2 Bc6 26. Red1 Rb7 27. e5 Bxf3+ 28. Qxf3 dxe5 29. Rxd8+ Bxd8 30. Rxd8+ Qxd8 31. Qxb7 exf4 32. Qe4 g5 33. Qxa4 Qd5+ 34. Kg1 Qd1+ 35. Qxd1 1-0


[Site "https://www.chess.com"]

[Event "Titled Tuesday Blitz August 1 Late 2023"]
[White "Vafin, Ayrat"]
[Black "Nikolova, Adriana"]
[WhiteFideId "4146530"]
[BlackFideId "2908689"]
[WhiteElo "2288"]
[BlackElo "2417"]
[Result "1-0"]
[Round "7"]
[TimeControl "180+1"]
[Date "2023.08.01"]
[WhiteClock "0:00:07"]
[BlackClock "0:00:00"]
[Board "102"]

1. Nf3 d5 2. g3 Nf6 3. Bg2 e6 4. c4 Be7 5. O-O O-O 6. b3 dxc4 7. bxc4 c5 8. Bb2 Nc6 9. d3 Nd4 10. Nbd2 Rb8 11. Nb3 Nxf3+ 12. Bxf3 b6 13. a4 Bb7 14. Bxb7 Rxb7 15. Bc3 Rd7 16. Qc2 Bd6 17. a5 Ng4 18. Nd2 Qg5 19. Nf3 Qh5 20. axb6 axb6 21. Ra6 f5 22. e3 f4 23. exf4 Bxf4 24. Qe2 Be5 25. h4 Bxc3 26. Qxe6+ Rdf7 27. Ng5 Qg6 28. Qxg4 h6 29. Qe4 Qxe4 30. Nxe4 Bd4 31. Kg2 Rf3 32. Rxb6 Rxd3 33. Re6 Rdf3 34. Ra6 R3f5 35. Ra2 Re5 36. Nd6 Rd8 37. Nb5 Re4 38. Nc7 Be5 39. Ne6 Rc8 40. Rc2 Kf7 41. f3 Re3 42. Kf2 Ra3 43. Nf4 Bxf4 44. gxf4 Rc6 45. Rd1 Rf6 46. Rd7+ Kg6 47. Kg3 Re3 48. Rd5 Re1 49. h5+ Kh7 50. Rxc5 Rg1+ 51. Kf2 Rh1 52. Kg3 Rg1+ 53. Kf2 Rh1 54. Ke3 Re1+ 55. Re2 Ra1 56. Rd2 Ra3+ 57. Ke4 Re6+ 58. Kf5 Rae3 59. Rd7 Re8 60. Rcc7 Rf8+ 61. Kg4 Rg8 62. c5 Re1 63. c6 Rg1+ 64. Kh4 Rc1 65. Kg4 Rc5 66. f5 Kh8 67. f6 gxf6+ 68. Kf4 Rgg5 69. Rc8+ Rg8 70. Rxg8+ Kxg8 71. c7 Rc4+ 72. Kg3 f5 73. Rd8+ Kf7 74. c8=Q Rxc8 75. Rxc8 f4+ 76. Kxf4 Ke6 77. Kg4 1-0


[Site "https://www.chess.com"]

[Event "Titled Tuesday Blitz August 1 Late 2023"]
[White "Penagalapati, Abhinav"]
[Black "Kubatko, Ivan"]
[WhiteFideId "30938210"]
[BlackFideId "24111473"]
[WhiteElo "2176"]
[BlackElo "2404"]
[Result "1/2-1/2"]
[Round "7"]
[TimeControl "180+1"]
[Date "2023.08.01"]
[WhiteClock "0:00:01"]
[BlackClock "0:00:01"]
[Board "103"]

1. d4 d5 2. Nc3 Nf6 3. Bf4 a6 4. Nf3 e6 5. e3 b5 6. Bd3 Bb7 7. h3 Nbd7 8. O-O c5 9. dxc5 Nxc5 10. a4 b4 11. Ne2 Bd6 12. Qd2 Nfe4 13. Qxb4 Nxd3 14. Qxb7 Nxf4 15. Qc6+ Ke7 16. Nxf4 Nc5 17. Nd4 Rc8 18. b4 Bxf4 19. bxc5 Be5 20. Qb7+ Kf6 21. Rab1 Rxc5 22. Nc6 Qd6 23. Nxe5 Qxe5 24. Rb4 g5 25. Qxa6 Rxc2 26. Rb7 Rhc8 27. Qa7 R8c7 28. Rxc7 Rxc7 29. Qa5 Rc2 30. Qd8+ Kg7 31. Qb6 Qb2 32. Qxb2+ Rxb2 33. Ra1 Rb6 34. Kf1 Kf6 35. Ke2 Ke5 36. Kd3 Kd6 37. a5 Ra6 38. g4 e5 39. Ra2 Kc5 40. Rc2+ Kb5 41. Rc7 Rf6 42. Rd7 Kc5 43. Rc7+ Kb5 44. Rc2 Ra6 45. Rc7 Rf6 1/2-1/2


[Site "https://www.chess.com"]

[Event "Titled Tuesday Blitz August 1 Late 2023"]
[White "Perez, Maximiliano"]
[Black "Osmonbekov, Talaibek"]
[WhiteFideId "117234"]
[BlackFideId "2017253"]
[WhiteElo "2545"]
[BlackElo "2210"]
[Result "1-0"]
[Round "7"]
[TimeControl "180+1"]
[Date "2023.08.01"]
[WhiteClock "0:00:02"]
[BlackClock "0:00:00"]
[Board "104"]

1. e4 c5 2. Nf3 d6 3. d4 cxd4 4. Nxd4 Nf6 5. Nc3 g6 6. Be3 Bg7 7. f3 O-O 8. Qd2 Nc6 9. g4 h5 10. gxh5 Nxh5 11. Nde2 Ne5 12. Nd4 Bd7 13. O-O-O Rc8 14. Kb1 a6 15. Be2 b5 16. Nd5 e6 17. Nb4 a5 18. Nd3 Nc4 19. Qc1 d5 20. exd5 exd5 21. Bf2 b4 22. f4 Nf6 23. f5 Ne4 24. Rhg1 Nxf2 25. Nxf2 Qf6 26. Ng4 Qh4 27. f6 Bh8 28. Qf4 Bxg4 29. Rxg4 Qxf6 30. Qg3 Rfe8 31. Bxc4 Rxc4 32. c3 bxc3 33. bxc3 Rb8+ 34. Qxb8+ 1-0


[Site "https://www.chess.com"]

[Event "Titled Tuesday Blitz August 1 Late 2023"]
[White "ElenGajger"]
[Black "Zilleruelo Irizarry, Diego"]
[BlackFideId "3101460"]
[WhiteElo "2539"]
[BlackElo "2326"]
[Result "0-1"]
[Round "7"]
[TimeControl "180+1"]
[Date "2023.08.01"]
[WhiteClock "0:00:00"]
[BlackClock "0:00:49"]
[Board "105"]

1. e4 c6 2. d4 d5 3. Nd2 dxe4 4. Nxe4 Bf5 5. Ng3 Bg6 6. h4 h6 7. Nf3 Nd7 8. h5 Bh7 9. Bd3 Bxd3 10. Qxd3 e6 11. Bd2 Qc7 12. O-O-O O-O-O 13. c4 Ngf6 14. Bc3 Bd6 15. Ne4 Nxe4 16. Qxe4 Nf6 17. Qe2 Rhe8 18. Kb1 c5 19. Kc1 cxd4 20. Nxd4 a6 21. Kb1 Bc5 22. Nb3 Rxd1+ 23. Rxd1 Rd8 24. Rxd8+ Kxd8 25. Bxf6+ gxf6 26. Qd2+ Ke7 27. Qxh6 Bxf2 28. Qd2 Qg3 29. h6 Be3 30. Qb4+ Ke8 31. Qxb7 Bxh6 32. a4 Qd3+ 33. Ka2 Qxc4 34. a5 Bd2 35. Kb1 Bb4 36. Qf3 f5 37. Nc1 Bxa5 38. Nd3 Qe4 39. Qxe4 fxe4 40. Nc5 e3 0-1


[Site "https://www.chess.com"]

[Event "Titled Tuesday Blitz August 1 Late 2023"]
[White "Harshal, Shahi"]
[Black "Grinev, Valeriy"]
[WhiteFideId "5048257"]
[BlackFideId "14117517"]
[WhiteElo "2326"]
[BlackElo "2519"]
[Result "0-1"]
[Round "7"]
[TimeControl "180+1"]
[Date "2023.08.01"]
[WhiteClock "0:00:00"]
[BlackClock "0:01:24"]
[Board "106"]

1. e4 c5 2. Nf3 Nc6 3. d4 cxd4 4. Nxd4 e5 5. Nb3 Nf6 6. Nc3 Bb4 7. Bc4 O-O 8. Bg5 h6 9. h4 d6 10. Bxf6 Qxf6 11. Qd3 Be6 12. a3 Bxc4 13. Qxc4 Bxc3+ 14. Qxc3 Rac8 15. Qd3 Rfd8 16. g3 a6 17. O-O Ne7 18. c4 Qe6 19. Nd2 Ng6 20. Rac1 Qg4 21. Qf3 Qh3 22. Rfd1 b5 23. cxb5 axb5 24. Qg2 Qg4 25. Qf3 Qh3 26. Qg2 Qe6 27. Qf3 Rxc1 28. Rxc1 d5 29. exd5 Rxd5 30. Rc8+ Kh7 31. Ne4 Rd4 32. Nc3 b4 33. Rc6 Qd7 34. axb4 Rxb4 35. Qe4 Rxe4 36. Nxe4 Qd5 0-1


[Site "https://www.chess.com"]

[Event "Titled Tuesday Blitz August 1 Late 2023"]
[White "Cooper, Aaron"]
[Black "Fiorito, Francisco"]
[WhiteFideId "2634945"]
[BlackFideId "180165"]
[WhiteElo "2317"]
[BlackElo "2515"]
[Result "0-1"]
[Round "7"]
[TimeControl "180+1"]
[Date "2023.08.01"]
[WhiteClock "0:00:00"]
[BlackClock "0:00:10"]
[Board "107"]

1. e4 a6 2. d4 b5 3. Nf3 Bb7 4. Bd3 e6 5. O-O Nf6 6. Re1 d5 7. e5 Nfd7 8. a4 b4 9. Bg5 Be7 10. h4 c5 11. c3 Nc6 12. Nbd2 h6 13. Bxe7 Qxe7 14. c4 Nxd4 15. Nxd4 cxd4 16. cxd5 Bxd5 17. Be4 Nb6 18. Bxd5 Nxd5 19. Ne4 O-O 20. Qxd4 Rfd8 21. Nd6 Rd7 22. Rad1 Rc7 23. Qg4 Rc2 24. Rd3 g6 25. Rf3 Rf8 26. Ne4 Rxb2 27. Nf6+ Nxf6 28. Rxf6 Kh7 29. Re3 Rb1+ 30. Kh2 h5 31. Qg5 Rg8 32. Ref3 Rg7 33. g4 hxg4 34. Qxg4 b3 35. h5 b2 36. hxg6+ fxg6 37. Rh3+ Kg8 38. Qh4 Rh1+ 39. Kxh1 b1=Q+ 40. Kh2 Rh7 0-1


[Site "https://www.chess.com"]

[Event "Titled Tuesday Blitz August 1 Late 2023"]
[White "Zhang, Derek"]
[Black "The_Straightforward_Rook"]
[WhiteFideId "2087871"]
[WhiteElo "2507"]
[BlackElo "2312"]
[Result "1-0"]
[Round "7"]
[TimeControl "180+1"]
[Date "2023.08.01"]
[WhiteClock "0:00:05"]
[BlackClock "0:00:56"]
[Board "108"]

1. Nf3 Nf6 2. c4 e6 3. e3 d5 4. Nc3 b6 5. b3 Bb7 6. Bb2 Nbd7 7. d4 Bd6 8. Bd3 O-O 9. Nb5 Be7 10. O-O a6 11. Nc3 dxc4 12. Bxc4 c5 13. Rc1 Rc8 14. a4 cxd4 15. Nxd4 Nc5 16. Qe2 Nfe4 17. Nxe4 Nxe4 18. Bxa6 Bxa6 19. Qxa6 Nc5 20. Qb5 e5 21. Nc6 Qe8 22. Nxe7+ Qxe7 23. Ba3 Qe6 24. Bxc5 bxc5 25. Rc3 Rb8 26. Qxc5 Rfc8 27. Qa5 Rxc3 28. Qxc3 Rxb3 29. Qc7 h5 30. Ra1 e4 31. a5 Qf6 32. Rd1 Rd3 33. Rf1 Ra3 34. Qc8+ Kh7 35. Qc5 Qc3 36. Qxh5+ Kg8 37. Qd5 Rxa5 38. Qxe4 Re5 39. Qa8+ Kh7 40. h3 Re6 41. Ra1 Re8 42. Qxe8 Qxa1+ 43. Kh2 f6 44. Qe4+ Kg8 45. Kg3 Qa5 46. Qe6+ Kh7 47. Kg4 Qg5+ 48. Kf3 Qh6 49. Qf5+ Kg8 50. g3 Kf8 51. h4 Kg8 52. h5 Kf8 53. Qg6 Qh8 54. g4 Ke7 55. Qe4+ Kf7 56. Qd5+ Ke7 57. Qb7+ Ke6 58. Qc6+ Kf7 59. Qd7+ Kg8 60. Qe8+ Kh7 61. Qxh8+ Kxh8 62. Kf4 Kh7 63. Kf5 Kh6 64. f4 Kh7 65. Ke6 Kh6 66. e4 Kh7 67. Kf7 Kh6 68. e5 fxe5 69. fxe5 Kh7 70. e6 Kh8 71. e7 Kh7 72. e8=Q g6 73. hxg6+ Kh6 74. g7 1-0


[Site "https://www.chess.com"]

[Event "Titled Tuesday Blitz August 1 Late 2023"]
[White "Hoffmann, Asa"]
[Black "Altman, Joshua"]
[WhiteFideId "2001470"]
[BlackFideId "426210"]
[WhiteElo "2310"]
[BlackElo "2502"]
[Result "0-1"]
[Round "7"]
[TimeControl "180+1"]
[Date "2023.08.01"]
[WhiteClock "0:00:05"]
[BlackClock "0:00:53"]
[Board "109"]

1. d4 Nf6 2. Bg5 e6 3. Nd2 c5 4. e3 cxd4 5. exd4 Be7 6. Bd3 O-O 7. c3 d6 8. Ngf3 b6 9. Qe2 Bb7 10. O-O Nbd7 11. h3 h6 12. Bf4 Re8 13. Bh2 Bf8 14. Rfe1 a6 15. a4 Qc7 16. Ne4 Nxe4 17. Bxe4 Bxe4 18. Qxe4 Nf6 19. Qd3 Qc6 20. c4 Rec8 21. b3 Rab8 22. Rac1 b5 23. axb5 axb5 24. c5 Qd5 25. b4 e5 26. Qe3 e4 27. Nd2 Re8 28. Qc3 Rbc8 29. Re3 dxc5 30. dxc5 Red8 31. Nb3 Ra8 32. Qb2 Ra4 33. Qe5 Qd1+ 34. Re1 Qxb3 35. c6 Bxb4 36. c7 Rc8 37. Red1 Raa8 38. Qxb5 Qa3 39. Be5 Ne8 40. Ra1 Qb3 41. Qd7 Rxa1 42. Rxa1 Qe6 43. Rd1 Qxd7 44. Rxd7 Ba5 45. Re7 Bxc7 46. Bxc7 Nxc7 47. Rxe4 Ne6 48. f4 g6 49. g4 Kg7 50. f5 gxf5 51. gxf5 Ng5 52. Rg4 Kf6 53. h4 Kxf5 54. Rc4 Nf3+ 55. Kf2 Rxc4 56. Kxf3 Rc3+ 0-1


[Site "https://www.chess.com"]

[Event "Titled Tuesday Blitz August 1 Late 2023"]
[White "Gundam, Rohit"]
[Black "Ardila, Oscar Humberto"]
[WhiteFideId "75002809"]
[BlackFideId "4404742"]
[WhiteElo "2454"]
[BlackElo "2308"]
[Result "0-1"]
[Round "7"]
[TimeControl "180+1"]
[Date "2023.08.01"]
[WhiteClock "0:00:02"]
[BlackClock "0:00:07"]
[Board "110"]

1. d4 Nf6 2. Nf3 e6 3. c4 Be7 4. Nbd2 O-O 5. e4 d6 6. b3 Nbd7 7. Bb2 c5 8. d5 exd5 9. cxd5 Re8 10. Be2 Bf8 11. Qc2 Ng4 12. h3 Nge5 13. Nxe5 Nxe5 14. O-O a6 15. a4 Bd7 16. a5 Rc8 17. f4 Ng6 18. Nc4 Bb5 19. Rae1 Bxc4 20. Bxc4 Qxa5 21. e5 b5 22. Bd3 c4 23. bxc4 bxc4 24. Bf5 Rb8 25. e6 fxe6 26. Bxg6 hxg6 27. dxe6 Qb6+ 28. Kh1 Qxb2 29. Qxg6 Qf6 30. Qg4 d5 31. Qh5 Rbd8 32. f5 Bb4 33. Re3 Bd6 34. Rff3 Rb8 35. Re1 d4 36. Rff1 d3 37. Re4 Re7 38. Rg4 Qe5 39. Rgf4 Qxf4 40. Rxf4 Bxf4 41. g3 Be5 42. Qg4 d2 43. Qe2 Rb1+ 44. Kg2 d1=Q 45. Qxe5 Qg1+ 46. Kf3 Rf1+ 47. Kg4 Qf2 48. Qb8+ Kh7 49. Kg5 Qxf5+ 50. Kh4 Qf6+ 51. Kg4 Qf5+ 52. Kh4 Rxe6 53. g4 Qf6+ 54. Kg3 Re3+ 55. Kg2 Rf2+ 56. Kg1 Re1# 0-1


[Site "https://www.chess.com"]

[Event "Titled Tuesday Blitz August 1 Late 2023"]
[White "Gaal, Zsoka"]
[Black "Miguelitro69"]
[WhiteFideId "777765"]
[WhiteElo "2450"]
[BlackElo "2305"]
[Result "1-0"]
[Round "7"]
[TimeControl "180+1"]
[Date "2023.08.01"]
[WhiteClock "0:00:08"]
[BlackClock "0:00:01"]
[Board "111"]

1. Nf3 c5 2. c4 Nc6 3. g3 g6 4. Bg2 Bg7 5. O-O Nf6 6. Nc3 O-O 7. d4 cxd4 8. Nxd4 a6 9. c5 Qc7 10. Bg5 h6 11. Bxf6 Bxf6 12. Nd5 Qe5 13. e3 Nxd4 14. exd4 Qxd4 15. Nxe7+ Kg7 16. Qxd4 Bxd4 17. Rfd1 Bxc5 18. Nxc8 Raxc8 19. Rxd7 b6 20. Bb7 Rcd8 21. Rad1 Rxd7 22. Rxd7 a5 23. Bd5 g5 24. h4 gxh4 25. gxh4 Kf6 26. Kg2 Kg6 27. Kf3 f6 28. Kf4 Bxf2 29. Be4+ Kh5 30. Rd2 Bc5 31. Rg2 Bd6+ 32. Kf3 Kxh4 33. Rg4+ Kh3 34. Bf5 Kh2 35. Rh4+ Kg1 36. Rg4+ Kf1 37. Rd4 Ke1 38. Rxd6 h5 39. Bc2 Rd8 40. Rxd8 h4 41. Rd1# 1-0


[Site "https://www.chess.com"]

[Event "Titled Tuesday Blitz August 1 Late 2023"]
[White "Harish, Neeraj"]
[Black "Omariev, Maksim"]
[WhiteFideId "30958130"]
[BlackFideId "4193423"]
[WhiteElo "2301"]
[BlackElo "2447"]
[Result "1-0"]
[Round "7"]
[TimeControl "180+1"]
[Date "2023.08.01"]
[WhiteClock "0:00:38"]
[BlackClock "0:00:01"]
[Board "112"]

1. e4 c5 2. Nf3 d6 3. d4 cxd4 4. Nxd4 Nf6 5. Nc3 a6 6. Be3 Ng4 7. Bg5 h6 8. Bh4 g5 9. Bg3 Bg7 10. Qd2 Nc6 11. Nb3 Be6 12. O-O-O Rc8 13. h4 gxh4 14. Rxh4 Nb4 15. Kb1 Rxc3 16. bxc3 Nc6 17. f4 h5 18. Be2 b5 19. f5 Bc4 20. Bxg4 hxg4 21. Rxg4 Bf6 22. Bf4 a5 23. Bg5 Rg8 24. Nd4 Qb6 25. Nxc6 Qxc6 26. Qf4 Bxc3 27. Bh6 Bxa2+ 28. Kc1 Rxg4 29. Qxg4 Qc5 30. Rd3 b4 31. Be3 Qe5 32. Qg8+ Kd7 33. Qa8 Qb5 34. Qa7+ Kd8 35. Bb6+ Ke8 36. Qb8+ Kd7 37. Qc7+ Ke8 38. Qd8# 1-0


[Site "https://www.chess.com"]

[Event "Titled Tuesday Blitz August 1 Late 2023"]
[White "Sathish, Pranav"]
[Black "Ward, Ieuan C"]
[WhiteFideId "30967538"]
[BlackFideId "406627"]
[WhiteElo "2431"]
[BlackElo "2295"]
[Result "1-0"]
[Round "7"]
[TimeControl "180+1"]
[Date "2023.08.01"]
[WhiteClock "0:01:46"]
[BlackClock "0:00:45"]
[Board "113"]

1. Nf3 e6 2. b3 d5 3. Bb2 Nf6 4. c4 Be7 5. e3 O-O 6. Nc3 b6 7. cxd5 exd5 8. d4 Bg4 9. Bd3 c5 10. dxc5 bxc5 11. O-O Nbd7 12. Ne2 Bxf3 13. gxf3 Qc7 14. f4 c4 15. Qc2 Rfc8 16. Bf5 Rab8 17. Nd4 g6 18. Bh3 c3 19. Bc1 a5 20. a4 Bb4 21. Bg2 Nc5 22. Nb5 Qd7 23. Ba3 Nce4 24. Bxb4 axb4 25. Nd4 h6 26. a5 Kg7 27. a6 Ra8 28. Ra4 Qd6 29. Rfa1 Ra7 30. Nb5 Qb6 31. Nxa7 Qxa7 32. Rxb4 Qxe3 33. fxe3 Rc4 34. bxc4 d4 35. exd4 Nf2 36. Qxf2 Ng4 37. Qg3 Nxh2 38. Kxh2 c2 39. Qc3 c1=Q 40. Rxc1 1-0


[Site "https://www.chess.com"]